 Dungeon Crawl Stone Soup version 0.28-a0-1117-g0bdd5ba030 (webtiles) character file.

Game seed: 2316901156734990093

487 porpoise the Conjurer (level 6, -2/32 HPs)
             Began as a Deep Elf Conjurer on Dec 12, 2021.
             Engulfed by a cloud of flame (9 damage)
             ... on level 4 of the Dungeon.
             The game lasted 00:12:49 (4683 turns).

porpoise the Conjurer (Deep Elf Conjurer)           Turns: 4683, Time: 00:12:49

Health: -2/32      AC:  6    Str:  4    XL:     6   Next: 89%
Magic:  5/17       EV: 12    Int: 25    God:
Gold:   151        SH:  0    Dex: 13    Spells: 7/18 levels left

rFire   + . .      SeeInvis .   a - +0 whip (elec)
rCold   + . .      Faith    .   (no shield)
rNeg    . . .      Spirit   .   t - +0 robe {Archmagi}
rPois   +          Reflect  .   i - +2 hat {Stlth+}
rElec   +          Harm     .   y - +0 cloak
rCorr   +          Rampage  .   m - +0 pair of gloves
Will    .....      Archmagi +   (no boots)
Stlth   +++.......              (no amulet)
HPRegen 0.10/turn               (no ring)
MPRegen 0.15/turn               (no ring)

@: resistant, very slightly contaminated
A: no striking features
a: no special abilities


You were on level 4 of the Dungeon.
You visited 1 branch of the dungeon, and saw 4 of its levels.

You collected 151 gold pieces.

Inventory:

Hand Weapons
 a - a +0 whip of electrocution (weapon)
Missiles
 b - 107 stones
 d - 24 poisoned darts
 o - 2 boomerangs
 s - 4 boomerangs of dispersal
Armour
 i - a +2 hat of stealth (worn)
 m - a +0 pair of gloves (worn)
 q - +0 shadow dragon scales
 t - a +0 robe of the Archmagi (worn)
 y - a +0 cloak (worn)
Wands
 v - a wand of charming (10)
 x - a wand of flame (3)
Scrolls
 e - a scroll of teleportation
 f - 2 scrolls of amnesia
 j - 2 scrolls of noise
 k - a scroll of fear {unknown}
 l - a scroll of acquirement {unknown}
 r - a scroll of immolation {unknown}
 u - a scroll of enchant armour {unknown}
 w - a scroll of holy word {unknown}
Potions
 c - 2 potions of might
 g - a potion of invisibility
 h - 3 potions of heal wounds
 n - 2 potions of attraction
 p - a potion of mutation


   Skills:
 - Level 2.4 Dodging
 - Level 2.4 Stealth
 + Level 6.6 Spellcasting
 - Level 6.7 Conjurations
 + Level 4.0 Hexes


You had 7 spell levels left.
You knew the following spells:

 Your Spells              Type           Power      Damage    Failure   Level
a - Magic Dart            Conj           100%       1d8       1%          1
b - Searing Ray           Conj           100%       2d8       1%          2
c - Fulminant Prism       Conj/Hex       25%        3d14      8%          4
d - Iskenderun's Mystic   Conj/Tloc      37%        2d9       17%         4

Your spell library contained the following spells:

 Spells                   Type           Power      Damage    Failure   Level
 Foxfire                  Conj/Fire      100%       2x1d9     1%          1
 Slow                     Hex            100%       N/A       1%          1
 Dazzling Flash           Conj/Hex       100%       N/A       2%          3
 Confusing Touch          Hex            42%        N/A       4%          3
 Conjure Flame            Conj/Fire      37%        6-21      5%          3
 Inner Flame              Hex/Fire       27%        N/A       10%         3
 Corpse Rot               Necr/Air       24%        N/A       11%         2
 Poisonous Vapours        Pois/Air       24%        N/A       11%         2
 Flame Wave               Conj/Fire      37%        2d7       17%         4
 Ozocubu's Armour         Ice            12%        N/A       22%         3
 Metabolic Englaciation   Hex/Ice        13%        N/A       65%         5
 Yara's Violent Unravell  Hex/Tmut       13%        3d7       65%         5
 Simulacrum               Ice/Necr       6%         N/A       100%        6


Dungeon Overview and Level Annotations

Branches:
Dungeon (4/15)
 Temple: D:4-7

Altars:

Shops:
D:2 (   D:4 *

Annotations:
D:4 1 transporter


Message History

The fire bat bites you.
You are engulfed in flames.
You resist. The fire bat closely misses you.
The searing ray hits the fire bat.
The fire bat is moderately wounded.
The fire bat bites you.
You are engulfed in flames.
You resist. The fire bat closely misses you. The fire bat barely misses you.
The fire bat closely misses you.
Casting: Searing Ray (safe; 1% risk of failure)
Confirm with . or Enter, or press ? or * to list all spells.
The spell is quite dangerous to miscast (8% risk of failure)!
Continue anyway?
Okay, then.
Unknown command.
Unknown command.
Really walk into a travel-excluded area?
Okay, then.
Really walk into a travel-excluded area?
You are engulfed in blazing flames.
You resist. The fire bat bites you.
You are engulfed in flames.
You resist.
* * * LOW HITPOINT WARNING * * *
The fire bat bites you but does no damage. x2
There is an open gate here.
Casting: Fulminant Prism (quite dangerous; 8% risk of failure)
Confirm with . or Enter, or press ? or * to list all spells.
The spell is extremely dangerous to miscast (17% risk of failure)!
Continue anyway?
You feel a surge of power!
You erupt in a blast of force!
The mystic blast hits the fire bat!
The fire bat is severely wounded.
The fire bat is knocked back by the mystic blast.
The fire bat slams into the translucent stone wall!
The fire bat is almost dead.
The mystic blast hits the fire bat!
The fire bat is severely wounded.
The fire bat is knocked back by the mystic blast.
The fire bat slams into the stone wall!
The fire bat is severely wounded.
The mystic blast hits the fire bat!
The fire bat is severely wounded.
The fire bat is knocked back by the mystic blast.
You are engulfed in blazing flames.
You resist.
You die...

.....♣...##.# #..########.## #.
###......##.# #..##### #.# #. #
#......########....# #.# #. #
###.##.##☼○.°☼#########.# ###.
###...##.##○b○☼☼#○○○.○☼##.####...
........†.#○○☼°○#○○.○☼.##........
###..###..#?$.○○b.#b#°○#...###.#.
# #..##..©#©(.☼○☼...©○○#©..# #.#.
# #..##...#?$..○@.#.#°°#..## #.#.
###......##○○°☼○#○☼☼°☼○#..# #.#.
.....###.##°○○°°#○○°○○°#### #.#.
###.## ##.#☼○°○○########### #.#.
# #.# #.#######..##.....####.#.
###.## ##..# #................
.....###...# #####............
#####....### #.....####.## ##.#.#
#.....#......


You could see 3 fire bats.

Vanquished Creatures
  A sky beast (D:4)
  An ogre (D:4)
  A scorpion (D:4)
  Jessica (D:3)
  Natasha (thrice) (D:4)
  3 gnolls (D:4)
  3 adders
  A worm (D:2)
  A dart slug (D:4)
  10 orcs
  5 ball pythons
  4 endoplasms
  2 giant cockroaches
  7 goblins
  8 hobgoblins
  7 jackals
  2 kobolds (D:1)
  4 quokkas
  4 bats
  2 frilled lizards
  5 rats
75 creatures vanquished.

Vanquished Creatures (others)
  A plant (D:2)
1 creature vanquished.

Grand Total: 76 creatures vanquished

Notes
Turn   | Place    | Note
-------+----------+-------------------------------------------
     0 | D:1      | porpoise the Deep Elf Conjurer began the quest for the Orb.
     0 | D:1      | Reached XP level 1. HP: 10/10 MP: 6/6
   388 | D:1      | Reached XP level 2. HP: 15/15 MP: 2/8
   442 | D:1      | Learned a level 2 spell: Searing Ray
   613 | D:1      | Reached skill level 5 in Conjurations
  1166 | D:2      | Reached XP level 3. HP: 19/19 MP: 2/9
  1413 | D:2      | Found Solel's Weapon Emporium.
  2211 | D:3      | Reached XP level 4. HP: 24/24 MP: 6/11
  3006 | D:3      | Noticed Jessica
  3012 | D:3      | Killed Jessica
  3648 | D:4      | Noticed an ogre
  3655 | D:4      | Killed an ogre
  3656 | D:4      | Reached skill level 5 in Spellcasting
  3656 | D:4      | Reached XP level 5. HP: 28/28 MP: 5/14
  3826 | D:4      | Learned a level 4 spell: Fulminant Prism
  3831 | D:4      | Learned a level 4 spell: Iskenderun's Mystic Blast
  3907 | D:4      | Noticed Natasha
  3910 | D:4      | Killed Natasha
  3911 | D:4      | Reached skill level 1 in Hexes
  3978 | D:4      | Found a transporter.
  3978 | D:4      | Noticed a fire bat
  3978 | D:4      | Noticed a fire bat
  4007 | D:4      | Found Mexad's General Store.
  4023 | D:4      | Noticed a fire bat
  4162 | D:4      | Noticed Natasha
  4167 | D:4      | Killed Natasha
  4168 | D:4      | Reached XP level 6. HP: 32/32 MP: 10/16
  4267 | D:4      | Noticed Natasha
  4272 | D:4      | Killed Natasha
  4378 | D:4      | Noticed a sky beast
  4383 | D:4      | Killed a sky beast
  4561 | D:4      | Found a transporter.
  4683 | D:4      | Engulfed by a cloud of flame

Illustrated notes

Levels and vault maps discovered:
D:1:      dpeg_arrival_simpleton_a, layout_rooms
D:2:      layout_basic, serial_shops, nicolae_shop_hallway_plus,
          eino_tiny_chamber, serial_bayou_lake_a
D:3:      layout_loops_ring, kennysheep_jessica_study, uniq_jessica
D:4:      gammafunk_cloud_chamber, layout_loops_ring, serial_shops,
          nicolae_shop_trees, uniq_natasha

Skill      XL: |  1  2  3  4  5  6 |
---------------+-------------------+-----
Conjurations   | 5 6 |  6.7
Spellcasting   | 5 6 |  6.6
Hexes          | 1 4 |  4.0
Dodging        | |  2.4
Stealth        | |  2.4

Action                   |  1- 3 |  4- 6 || total
-------------------------+-------+-------++-------
 Cast: Magic Dart        |    53 |    24 ||    77
       Searing Ray       |     6 |    17 ||    23
       Iskenderun's Myst |       |     1 ||     1
  Use: Scroll            |     4 |     4 ||     8
       Potion            |       |     1 ||     1
Armor: Robe              |       |     4 ||     4
Dodge: Dodged            |     2 |    10 ||    12

Table legend: (Time is in decaauts)
 A = Elapsed time spent in this place.
 B = Non-inter-level travel time spent in this place.
 C = Inter-level travel time spent in this place.
 D = Time resting spent in this place.
 E = Time spent auto-exploring this place.
 F = Levels seen in this place.
 G = Mean time per level.
                   A        B        C        D        E       F      G
               +--------+--------+--------+--------+--------+-----+--------+
         Total |   4712 |   4521 |    191 |   2050 |   1985 |   4 | 1178.0 |
       Dungeon |   4712 |   4521 |    191 |   2050 |   1985 |   4 | 1178.0 |
               +--------+--------+--------+--------+--------+-----+--------+

Top non-repeatable levels by time:
     D:4: 1319 daAuts
     D:3: 1231 daAuts
     D:1: 1159 daAuts
     D:2: 1002 daAuts
